 Dungeon Crawl Stone Soup version 0.29-a0-542-g075992c915 (webtiles) character file.

Game seed: 11018716274684644207

18 oldriver the Sneak (level 2, -3/25 HPs)
             Began as a Palentonga Delver on June 4, 2022.
             Slain by Pargi (4 damage)
             ... in a sewer.
             The game lasted 00:01:26 (631 turns).

oldriver the Sneak (Palentonga Delver)               Turns: 631, Time: 00:01:26

Health: -3/25      AC:  4    Str: 15    XL:     2   Next: 48%
Magic:  2/2        EV:  9    Int: 10    God:
Gold:   33         SH:  0    Dex: 11    Spells: 1/1 levels left

rFire   . . .      SeeInvis +   a - +0 hand axe
rCold   . . .      Faith    .   (no shield)
rNeg    . . .      Spirit   .   b - +0 leather armour
rPois   .          Reflect  .   (no helmet)
rElec   .          Harm     .   (no cloak)
rCorr   .          Rampage  .   (no gloves)
Will    .....                   (no barding)
Stlth   ++........              (no amulet)
HPRegen 0.08/turn               (no ring)
MPRegen 0.08/turn               (no ring)

@: mighty, hasted, very quick
A: large, rugged brown scales 3, see invisible, deformed body, roll 1, armoured
tail
a: Rolling Charge


You were in a sewer.
You visited 1 branch of the dungeon, and saw 1 of its levels.
You also visited: Sewer.

You collected 33 gold pieces.

Inventory:

Hand Weapons
 a - a +0 hand axe (weapon)
Armour
 b - a +0 leather armour (worn)
Jewellery
 d - an amulet of magic regeneration
Wands
 g - a wand of digging (3)
Scrolls
 c - a scroll of fog
 e - a scroll of fear


   Skills:
 + Level 3.2 Fighting
 + Level 2.3 Axes
 + Level 1.9 Dodging
 + Level 3.5 Stealth


You had one spell level left.
You didn't know any spells.
Your spell library was empty.

Dungeon Overview and Level Annotations

Branches:
Dungeon (5/15)              Sewer (1/1)
 Temple: D:4-7

Altars:

Annotations:
Sewer Pargi


Innate Abilities, Weirdness & Mutations

You are completely covered in rugged brown scales. (AC +3, +7% HP)
You have supernaturally acute eyesight. (SInv)
Armour fits poorly on your strangely shaped body.
You can roll at nearby foes to attack.
You have a long armoured tail.


Message History

Pargi bites you.
* * * LOW HITPOINT WARNING * * *
Pargi closely misses you. Pargi claws you.
* * * LOW HITPOINT WARNING * * *
You barely miss Pargi.
Pargi is severely wounded.
Pargi bites you but does no damage. Pargi closely misses you.
Pargi claws you but does no damage.
Okay, then.
You are too injured to fight recklessly!
Roll where?
Press: ? - help, Dir - move target, f/p - Pargi
Aim: Pargi (severely wounded)
You roll forward with a clatter of scales!
You barely miss Pargi.
Pargi is severely wounded.
Pargi bites you but does no damage. Pargi claws you but does no damage.
Pargi claws you.
* * * LOW HITPOINT WARNING * * *
You closely miss Pargi.
Pargi is severely wounded.
Pargi completely misses you. x2; Pargi claws you.
* * * LOW HITPOINT WARNING * * *
You completely miss Pargi.
Pargi is heavily wounded.
It was a potion of magic.
Magic courses through your body.
Pargi hisses, "I bite!"
Pargi barely misses you. x2; Pargi claws you but does no damage.
It was a potion of might.
You feel very mighty all of a sudden. Pargi closely misses you.
Pargi misses you. Pargi claws you.
* * * LOW HITPOINT WARNING * * *
You barely miss Pargi.
Pargi is heavily wounded.
Pargi bites you but does no damage. Pargi claws you but does no damage.
Pargi barely misses you.
You miss Pargi.
Pargi is heavily wounded.
Pargi bites you.
You die...

####.≈≈≈.####
####.≈≈≈.####
#..'.≈≈≈.'†.#
####.≈≈≈.####
####.≈≈≈.####
#..'.≈≈≈.'..#
####.≈≈≈.####
####.≈≈≈.####
#..'@.∩....∩#
####T≈≈≈.####
####.≈≈≈.####
#..'.≈≈≈.'..#
####.≈≈≈.####
#.≈≈≈.####
+.≈≈≈.'..#
#.≈≈≈.####
#.≈≈≈.####


You could see Pargi.

Vanquished Creatures
  A river rat (D:5)
  An orc (D:5)
  A giant cockroach (D:5)
  A quokka (D:5)
  2 bats (Sewer)
  A frilled lizard (Sewer)
  A kobold (Sewer)
  A rat (D:5)
9 creatures vanquished.

Notes
Turn   | Place    | Note
-------+----------+-------------------------------------------
     0 | D:5      | oldriver the Palentonga Delver began the quest for the Orb.
     0 | D:5      | Reached XP level 1. HP: 19/19 MP: 1/1
   307 | D:5      | Reached XP level 2. HP: 9/25 MP: 2/2
   403 | D:5      | Found a glowing drain.
   497 | Sewer    | Entered a sewer
   610 | Sewer    | Noticed Pargi
   629 | Sewer    | HP: 1/25 [Pargi (2)]
   631 | Sewer    | Slain by Pargi

Illustrated notes

Levels and vault maps discovered:
D:5:      layout_basic, gup_sewer_entry_bowl, uniq_ijyb
Sewer:    kennysheep_door_sewer

Action                   || total
-------------------------++-------
Melee: Hand axe          ||    49
       Tailslap          ||     5
 Abil: Rolling Charge    ||     5
  Use: Scroll            ||     1
       Potion            ||     3
 Stab: Sleeping          ||     1
Armor: Leather armour    ||    24
Dodge: Dodged            ||    36

Table legend: (Time is in decaauts)
 A = Elapsed time spent in this place.
 B = Non-inter-level travel time spent in this place.
 C = Inter-level travel time spent in this place.
 D = Time resting spent in this place.
 E = Time spent auto-exploring this place.
 F = Levels seen in this place.
 G = Mean time per level.
                   A        B        C        D        E       F      G
               +--------+--------+--------+--------+--------+-----+--------+
         Total |    639 |    639 |      0 |    386 |      0 |   2 |  319.5 |
       Dungeon |    508 |    508 |      0 |    386 |      0 |   1 |  508.0 |
         Sewer |    130 |    130 |      0 |      0 |      0 |   1 |  130.0 |
               +--------+--------+--------+--------+--------+-----+--------+

Top non-repeatable levels by time:
     D:5: 508 daAuts
   Sewer: 130 daAuts
